 Dungeon Crawl Stone Soup version 0.22-a0-855-g415d086bb8 (console) character file.

457 Lexodia the Ruffian (level 7, -6/60 HPs)
             Began as a Ghoul Monk on July 27, 2018.
             Mangled by Duvessa
             ... wielding a +0 short sword
              (9 damage)
             ... on level 5 of the Dungeon.
             The game lasted 00:08:16 (2606 turns).

Lexodia the Ruffian (Ghoul Monk)                    Turns: 2606, Time: 00:08:17

Health: -6/60      AC:  4    Str: 16 (17) XL:     7   Next: 6%
Magic:  3/6        EV: 13    Int:  9 (10) God:
Gold:   97         SH:  0    Dex:  8 (11) Spells: 6/6 levels left

rFire    . . .     SeeInvis .     - Unarmed
rCold    + . .     Gourm    .   (no shield)
rNeg     + + +     Faith    .   a - +0 robe
rPois    ∞         Spirit   .   r - +0 helmet
rElec    .         Reflect  .   (no cloak)
rCorr    .         Harm     .   (no gloves)
MR       +....                  x - +0 pair of boots
Stlth    ++........             (no amulet)
HPRegen  0.00/turn              o - ring of protection from magic
MPRegen  0.10/turn              (no ring)

@: brilliant, rotting
A: rotting body, claws 1, carnivore, cold resistance 1, negative energy
resistance 3, inhibited regeneration, torment resistance, unbreathing
a: no special abilities


You were on level 5 of the Dungeon.
You were not hungry.

You visited 1 branch of the dungeon, and saw 5 of its levels.

You collected 97 gold pieces.

Inventory:

Armour
 a - a +0 robe (worn)
 r - a +0 helmet (worn)
 u - a +0 pair of boots
 x - a +0 pair of boots (worn)
Jewellery
 o - a ring of protection from magic (left claw)
Wands
 m - a wand of clouds (7)
Scrolls
 e - 2 scrolls of remove curse {unknown}
 f - 3 scrolls of teleportation {unknown}
 g - 4 scrolls of enchant armour {unknown}
 h - 2 scrolls of identify {unknown}
 i - a scroll of enchant weapon {unknown}
 j - 2 scrolls of amnesia {unknown}
 k - a scroll of blinking {unknown}
 n - a scroll of random uselessness {unknown}
 p - a scroll of fear {unknown}
Potions
 q - 2 potions of haste
 s - a potion of degeneration
 w - a potion of curing {unknown}
Comestibles
 b - 11 rations


   Skills:
 + Level 4.7 Fighting
 + Level 3.9 Dodging
 + Level 4.2 Stealth
 * Level 6.0 Unarmed Combat


You had 6 spell levels left.
You didn't know any spells.
Your spell library was empty.

Dungeon Overview and Level Annotations

Branches:
Dungeon (5/15)
 Temple: D:4-7

Altars:
Sif Muna

Annotations:
D:5 Dowan, Duvessa


Innate Abilities, Weirdness & Mutations

Your body is rotting away.
You thrive on raw meat.
You are immune to poison.
You have sharp fingernails.
You are carnivorous and can eat meat at any time.
Your flesh is cold resistant. (rC+)
You are immune to negative energy. (rN+++)
You do not regenerate when monsters are visible.
You are immune to unholy pain and torment.
You can survive without breathing.


Message History

It was a potion of degeneration.
There was something very wrong with that liquid.
You feel weakened.
You feel dopey.
You feel clumsy. Dowan closely misses you.
It was a potion of lignification.
You feel woody for a moment. Duvessa hits you but does no damage.
Dowan mumbles some strange words.
Dowan blinks!
It was a potion of cancellation.
Your magical effects are unravelling.
You feel magically purged.
You feel yourself slow down.
You are no longer glowing.
Duvessa hits you with a short sword.
* * * LOW HITPOINT WARNING * * *
Huge Dmg: -2%(-1hp) hp: 5%(3hp) It was a potion of brilliance.
You feel clever all of a sudden.
Dowan smirks and points a slender finger.
Duvessa hits you with a short sword!
You die...

........... #..........
..........# ##..<.......
.......... #...........
.........# #...........
#....e...# ##....÷......
#.....## #............
#####..# ###.........# ##§##
###......##. #.@#
##....######. ##e####...###
#.. #).#....## ##>.
##.......# #..# ###
#.......## #..# #.##
##.#.....# ###.## ##..##
#........###...## ##....##
###.[.............#
#......####.............##...


You could see Duvessa and Dowan.

Vanquished Creatures
  An ogre (D:4)
  Blork the orc (D:5)
  A scorpion (D:4)
  A crimson imp (D:5)
  A hound (D:5)
  8 gnolls (D:4)
  6 adders
  A worm (D:2)
  7 orcs
  6 bats
  4 giant cockroaches
  6 hobgoblins
  A ball python skeleton (D:4)
  3 frilled lizards
  9 goblins
  8 kobolds
  A leopard gecko skeleton (D:4)
  4 rats
69 creatures vanquished.

Notes
Turn   | Place    | Note
-------+----------+-------------------------------------------
     0 | D:1      | Lexodia the Ghoul Monk began the quest for the Orb.
     0 | D:1      | Reached XP level 1. HP: 19/19 MP: 0/0
   324 | D:1      | Reached XP level 2. HP: 24/26 MP: 1/1
   870 | D:2      | Reached XP level 3. HP: 26/31 MP: 2/2
   890 | D:2      | Reached skill level 4 in Unarmed Combat
  1204 | D:2      | Reached XP level 4. HP: 40/40 MP: 3/3
  1221 | D:2      | Huge Dmg: 10 dmg
  1518 | D:4      | Noticed an ogre
  1625 | D:4      | Huge Dmg: 10 dmg
  1629 | D:4      | Killed an ogre
  1629 | D:4      | Reached XP level 5. HP: 35/46 MP: 4/4
  1746 | D:4      | Huge Dmg: 11 dmg
  1748 | D:4      | Huge Dmg: 7 dmg
  1748 | D:4      | Reached skill level 5 in Unarmed Combat
  1754 | D:4      | Huge Dmg: 4 dmg
  1791 | D:4      | Huge Dmg: 9 dmg
  1792 | D:4      | Huge Dmg: 12 dmg
  1841 | D:4      | Huge Dmg: 6 dmg
  1842 | D:4      | Huge Dmg: 4 dmg
  1886 | D:4      | Reached XP level 6. HP: 39/52 MP: 5/5
  1998 | D:4      | Huge Dmg: 10 dmg
  2005 | D:4      | Huge Dmg: 7 dmg
  2007 | D:4      | Huge Dmg: 5 dmg
  2012 | D:4      | Huge Dmg: 6 dmg
  2091 | D:4      | Found a deep blue altar of Sif Muna.
  2180 | D:4      | Huge Dmg: 11 dmg
  2182 | D:4      | Huge Dmg: 10 dmg
  2299 | D:5      | Entered Level 5 of the Dungeon
  2311 | D:5      | Noticed Blork the orc
  2318 | D:5      | Killed Blork the orc
  2483 | D:5      | Reached skill level 6 in Unarmed Combat
  2483 | D:5      | Reached XP level 7. HP: 56/60 MP: 6/6
  2570 | D:5      | Noticed Duvessa
  2573 | D:5      | Noticed Dowan
  2599 | D:5      | Huge Dmg: 11 dmg
  2601 | D:5      | Huge Dmg: 5 dmg
  2602 | D:5      | Huge Dmg: 7 dmg
  2603 | D:5      | Huge Dmg: 4 dmg
  2605 | D:5      | HP: 3/60 [Duvessa/short sword (1)]
  2606 | D:5      | Huge Dmg: 1 dmg
  2606 | D:5      | Mangled by Duvessa

Vault maps used:
D:1:      ncdulo_watergridlock, minmay_misc_feat_x
D:3:      gammafunk_temple_of_torment, uniq_grinder
D:4:      corexii_shantytown, first_ration, lemuel_blue_sif_altar
D:5:      temple_statues, uniq_blork_the_orc, uniq_crazy_yiuf_cottage,
          uniq_duvessa

Skill      XL: |  1  2  3  4  5  6 |
---------------+-------------------+-----
Dodging        | 3 |  3.9
Unarmed Combat | 4 5 6 |  6.0
Stealth        | 3 4 |  4.2
Fighting       | 4 |  4.7

Action                   |  1- 3 |  4- 6 |  7- 9 || total
-------------------------+-------+-------+-------++-------
Melee: Unarmed           |    81 |   159 |    15 ||   255
       Punch             |       |     1 |     1 ||     2
  Use: Potion            |       |       |     5 ||     5
 Stab: Sleeping          |     8 |     7 |       ||    15
  Eat: Chunk             |     5 |    18 |     2 ||    25
Armor: Robe              |    14 |    21 |     3 ||    38
Dodge: Dodged            |    58 |    91 |    11 ||   160

Table legend:
 A = Spawn XP
 B = Non-spawn XP
 C = Spawn XP percentage of total XP
 D = Spawn monster count
 E = Non-spawn monster count
 F = Spawn count percentage of total count
 G = Total turns spent on level
                    A         B        C        D         E        F      G
               +---------+---------+-------+---------+---------+-------+---------
         Total |       0 |     654 |   0.0 |       0 |      69 |   0.0 |  2606
               +---------+---------+-------+---------+---------+-------+---------
           D:1 |       0 |      15 |   0.0 |       0 |      11 |   0.0 |   682
           D:2 |       0 |      78 |   0.0 |       0 |      18 |   0.0 |   662
           D:4 |       0 |     371 |   0.0 |       0 |      34 |   0.0 |   931
           D:5 |       0 |     190 |   0.0 |       0 |       6 |   0.0 |   307
               +---------+---------+-------+---------+---------+-------+---------
